 Dungeon Crawl Stone Soup version 0.20-a0-550-gf70bbbc (console) character file.

75 nht the Ruffian (level 4, 0/35 HPs)
             Began as a Draconian Transmuter on Feb 2, 2017.
             Slain by a bullfrog (7 damage)
             ... on level 3 of the Dungeon.
             The game lasted 00:01:49 (1258 turns).

nht the Ruffian (Draconian Transmuter)              Turns: 1258, Time: 00:01:49

Health: 0/35       AC:  6    Str: 12    XL:     4   Next: 11%
Magic:  7/7        EV: 12    Int: 20    God:
Gold:   55         SH:  0    Dex: 11    Spells: 6/7 levels left

rFire    . . .     SeeInvis +     - Unarmed
rCold    . . .     Gourm    .   (armour unavailable)
rNeg     . . .     Faith    +   (no shield)
rPois    .         Spirit   .   (helmet restricted)
rElec    .         Reflect  .   s - +0 cloak
rCorr    .         Harm     .   (no gloves)
MR       .....                  (no boots)
Stlth    +.........             e - amulet of faith
Regen    0.2/turn               (no ring)
                                i - ring of see invisible

@: brilliant, hasted, very quick
A: unfitting armour, cold-blooded, AC +5
a: no special abilities


You were on level 3 of the Dungeon.
You were not hungry.

You visited 1 branch of the dungeon, and saw 3 of its levels.

You collected 55 gold pieces.

Inventory:

Missiles
 a - 12 arrows
Armour
 s - a +0 cloak (worn)
Jewellery
 e - an amulet of faith (around neck)
 i - a ring of see invisible (left hand)
Scrolls
 h - a scroll of fear {unknown}
 j - a scroll of enchant armour {unknown}
 k - a scroll of amnesia {unknown}
 l - a scroll of teleportation {unknown}
 m - 4 scrolls of remove curse {unknown}
 p - a scroll of fog {unknown}
 r - a scroll of identify {unknown}
Potions
 n - a potion of curing {unknown}
 q - a potion of haste
Books
 b - a book of Changes

   Spells                             Type                      Level
   a - Beastly Appendage              Transmutation                1
   b - Sticks to Snakes               Transmutation                2
   c - Spider Form                    Transmutation/Poison         3
   d - Ice Form                       Ice/Transmutation            4
   e - Blade Hands                    Transmutation                5
Comestibles
 c - 2 bread rations
 f - a chunk of flesh
 o - a meat ration
 t - a fruit


   Skills:
 - Level 1.1 Fighting
 - Level 1.7 Dodging
 + Level 5.0 Unarmed Combat
 - Level 2.0 Spellcasting
 - Level 2.0 Transmutations


You had 6 spell levels left.
You knew the following spells:

 Your Spells              Type           Power        Failure   Level  Hunger
a - Beastly Appendage     Tmut           ###...       1%          1    #......


Dungeon Overview and Level Annotations

Branches:
Dungeon (3/15)

Altars:


Innate Abilities, Weirdness & Mutations

Your plain brown scales are hard. (AC +5)
You cannot fit into any form of body armour.
You are cold-blooded and may be slowed by cold attacks.


Message History

A bullfrog comes into view.
The bullfrog gives a loud, deep croak!
You see here a scroll labeled WAVYOM GEEF.
A bullfrog is nearby!
A bullfrog is nearby!
It was a potion of magic.
Magic courses through your body. The bullfrog hits you.
You barely miss the bullfrog. The bullfrog hits you.
An iguana comes into view.
The iguana hisses angrily.
The bullfrog hits you. The bullfrog barely misses you.
Found a scroll labeled UKYFFIZAAS.
It was a potion of brilliance.
You feel clever all of a sudden. The bullfrog hits you.
It was a potion of haste.
You feel yourself speed up. The bullfrog hits you!
* * * LOW HITPOINT WARNING * * *
The bullfrog hits you!
You die...

?█ .███ ██ .....
██████. ... .......
...... .......█████.█
..█?..
.........█...█...█..█
█..?█@███.......
█%..F.......█..█ █
█..██.█.█......██.█
█.........███....
█.███....<█ █.†█
█.........███†.█
█████..........███
█............█
██████..██.█.█


You could see a bullfrog.

Vanquished Creatures
  An adder (D:2)
  3 worms (D:2)
  A dart slug (D:1)
  2 leopard geckos
  4 ball pythons
  3 giant cockroaches
  6 goblins
  7 hobgoblins
  3 jackals (D:2)
  3 kobolds
  3 bats
  4 frilled lizards (D:1)
  11 rats
51 creatures vanquished.

Notes
Turn   | Place    | Note
-------+----------+-------------------------------------------
     0 | D:1      | nht the Draconian Transmuter began the quest for the Orb.
     0 | D:1      | Reached XP level 1. HP: 16/16 MP: 3/3
   131 | D:1      | Reached XP level 2. HP: 13/23 MP: 5/5
   427 | D:1      | Reached skill level 4 in Unarmed Combat
   637 | D:2      | Reached XP level 3. HP: 17/28 MP: 6/6
  1188 | D:3      | Reached XP level 4. HP: 28/35 MP: 7/7
  1215 | D:3      | Reached skill level 5 in Unarmed Combat
  1249 | D:3      | Noticed a bullfrog
  1258 | D:3      | Slain by a bullfrog

Vault maps used:
D:1:      dpeg_arrival_more_subterranean_lakeside_camping
D:3:      first_bread, uniq_iyjb

Skill      XL: |  1  2  3  4 |
---------------+-------------+-----
Unarmed Combat | 4 5 |  5.0
Fighting       | |  1.1
Dodging        | |  1.7
Spellcasting   | |  2.0
Transmutations | |  2.0

Action                   |  1- 3 |  4- 6 || total
-------------------------+-------+-------++-------
Melee: Unarmed           |   165 |    22 ||   187
       Tailslap          |    18 |     2 ||    20
       Punch             |     2 |     1 ||     3
  Use: Potion            |       |     3 ||     3
  Eat: Chunk             |     1 |       ||     1
Armor: Skin              |    36 |     5 ||    41
Dodge: Dodged            |    84 |    11 ||    95
